 Dungeon Crawl Stone Soup version 0.30-a0-793-g160f7cfddd (webtiles) character file.

Game seed: 1658965495135580420

21 themarg the Firebug (level 2, -1/19 HPs)
             Began as a Demonspawn Fire Elementalist on Feb 20, 2023.
             Slain by a jackal (3 damage)
             ... on level 1 of the Dungeon.
             The game lasted 00:02:46 (708 turns).

themarg the Firebug (Demonspawn Fire Elementalist)   Turns: 708, Time: 00:02:47

Health: -1/19      AC:  2    Str:  8    XL:     2   Next: 62%
Magic:  1/5        EV: 12    Int: 16    God:
Gold:   26         SH:  0    Dex: 13    Spells: 5/6 levels left

rFire   . . .      SeeInvis .    c - +0 dagger
rCold   . . .      Faith    .    (no shield)
rNeg    . . .      Spirit   .    a - +0 robe
rPois   .          Reflect  .    (no helmet)
rElec   .          Harm     .    (no cloak)
rCorr   .          Rampage  .    (no gloves)
Will    .....                    (no boots)
Stlth   ++                       (no amulet)
HPRegen 0.23/turn                (no ring)
MPRegen 0.09/turn                (no ring)

@: no status effects
A: hooves 1
a: no special abilities


You were on level 1 of the Dungeon.
You visited 1 branch of the dungeon, and saw 1 of its levels.

You collected 26 gold pieces.

Inventory:

Hand Weapons
 c - a +0 dagger (weapon)
Missiles
 e - 9 stones
Armour
 a - a +0 robe (worn)
 h - a +0 pair of gloves
Magical Staves
 f - a staff of death
Scrolls
 g - 2 scrolls of teleportation {unknown}
Potions
 b - a potion of magic
 d - a potion of brilliance {unknown}


   Skills:
 - Level 1.7 Dodging
 - Level 2.0 Stealth
 - Level 2.5 Spellcasting
 - Level 1.0 Conjurations
 + Level 3.1 Fire Magic


You had 5 spell levels left.
You knew the following spells:

 Your Spells              Type           Power      Damage    Failure   Level
a - Foxfire               Conj/Fire      32%        2x1d5     9%          1

Your spell library contained the following spells:

 Spells                   Type           Power      Damage    Failure   Level
 Scorch                   Fire           24%        2d6       9%          2
 Inner Flame              Hex/Fire       7%         N/A       30%         3
 Kindle Blastsparks       Fire/Tloc/Air  10%        2d10      36%         3
 Flame Wave               Conj/Fire      8%         2d5       63%         4


Dungeon Overview and Level Annotations

Branches:
Dungeon (1/15)

Altars:


Innate Abilities, Weirdness & Mutations

You have large cloven feet.


Message History

You conjure some foxfire!
The jackal bites you.
Your foxfire dissipates!
The foxfire hits the jackal.
The jackal is almost dead.
You hit the jackal.
You kill the jackal!
The jackal misses you. The jackal attacks as you move away!
The jackal bites you. x2
You hit the jackal.
The jackal is almost dead.
The jackal barely misses you.
You closely miss the jackal. Your kick misses the jackal.
The jackal is almost dead.
The jackal closely misses you.
You hit the jackal.
You kill the jackal!
The jackal closely misses you.
Training target 2.5 for Spellcasting reached!
You barely miss the jackal. The jackal bites you.
* * * LOW HITPOINT WARNING * * *
You hit the jackal but do no damage. The jackal misses you.
The jackal bites you.
* * * LOW HITPOINT WARNING * * *
You conjure some foxfire!
The jackal barely misses you.
Your foxfire dissipates!
The jackal attacks as you move away! The jackal bites you.
* * * LOW HITPOINT WARNING * * *
The foxfire hits the jackal.
The jackal is lightly wounded.
The jackal closely misses you.
Sorry, you're not good enough to have a special ability.
You conjure some foxfire!
The jackal completely misses you.
Your foxfire dissipates!
The foxfire hits the jackal but does no damage.
The jackal is lightly wounded.
The jackal bites you but does no damage.
You hit the jackal but do no damage. Your kick misses the jackal.
The jackal is lightly wounded.
The jackal bites you.
You die...

#...##.# #.....#.##.##
..##.#.# #######.###.#.#..#
...##..#
#...##........#..##
.......#
#.........#...#.#.##
....####
#...##..#.#......... .#.##
##.###..#.......###. #...#
#.###.......######.
#...###########..##.#####.#
#..
#....hh...#††..h@.#.>.....#
###.#
#...#####h#.####§.##.....##
#....
........#.#.#..#..##.....#
#..#.
.........................#
##.###
........#.#)......##.)...#
#.# #
#...#####.#.......##.....#
##.###
#.........#....[..########
#..#. .....#######.######
#########.... #...## #.#
###.......####.


You could see a jackal.

Vanquished Creatures
  2 ball pythons (D:1)
  5 endoplasms (D:1)
  4 goblins (D:1)
  A hobgoblin (D:1)
  3 jackals (D:1)
  A quokka (D:1)
16 creatures vanquished.

Vanquished Creatures (others)
  45 foxfires (D:1)
45 creatures vanquished.

Grand Total: 61 creatures vanquished

Notes
Turn   | Place    | Note
-------+----------+-------------------------------------------
     0 | D:1      | themarg the Demonspawn Fire Elementalist began the quest
                  | for the Orb.
     0 | D:1      | Reached XP level 1. HP: 13/13 MP: 3/3
   295 | D:1      | Gained mutation: You have large cloven feet. [demonic
                  | ancestry]
   295 | D:1      | Reached XP level 2. HP: 19/19 MP: 1/5
   355 | D:1      | Reached skill level 3 in Fire Magic
   708 | D:1      | Slain by a jackal

Illustrated notes

Levels and vault maps discovered:
D:1:      dpeg_arrival_connections, layout_loops_cross

Skill      XL: |  1  2 |
---------------+-------+-----
Stealth        | 2 |  2.0
Fire Magic     | 3 |  3.1
Dodging        | |  1.7
Spellcasting   | |  2.5
Conjurations   | |  1.0

Action                     || total
---------------------------++-------
  Melee: Dagger            ||    11
   Cast: Foxfire           ||    34
 Armour: Robe              ||     3
  Dodge: Dodged            ||    19

Table legend: (Time is in decaauts)
 A = Elapsed time spent in this place.
 B = Non-inter-level travel time spent in this place.
 C = Inter-level travel time spent in this place.
 D = Time resting spent in this place.
 E = Time spent auto-exploring this place.
 F = Levels seen in this place.
 G = Mean time per level.
                   A        B        C        D        E       F      G
               +--------+--------+--------+--------+--------+-----+--------+
         Total |    707 |    707 |      0 |    184 |    366 |   1 |  707.0 |
       Dungeon |    707 |    707 |      0 |    184 |    366 |   1 |  707.0 |
               +--------+--------+--------+--------+--------+-----+--------+

Top non-repeatable levels by time:
     D:1: 707 daAuts
